 Dungeon Crawl Stone Soup version 0.31-a0-180-g519b7de00c (webtiles) character file.

Game seed: 16414605624650215186

261 Ofeo the Conjurer (level 5, -12/47 HPs)
             Began as an Armataur Reaver on June 19, 2023.
             Mangled by an ogre
             ... wielding a +0 giant spiked club
              (27 damage)
             ... on level 4 of the Dungeon.
             The game lasted 00:05:42 (3927 turns).

Ofeo the Conjurer (Armataur Reaver)                 Turns: 3927, Time: 00:05:43

Health: -12/47     AC:  4    Str: 19    XL:     5   Next: 96%
Magic:  9/9        EV:  9    Int: 14    God:
Gold:   131        SH:  0    Dex:  8    Spells: 8/9 levels left

rFire   . . .        g - +6 sling
rCold   . . .        (no shield)
rNeg    . . .        b - +0 leather armour
rPois   .            (no helmet)
rElec   .            (no cloak)
rCorr   .            (no gloves)
SInv    .            (no barding)
Will    .....        (no amulet)
Stlth   +            (no ring)
HPRegen 0.27/turn    (no ring)
MPRegen 0.11/turn

%: roll
@: no status effects
A: large, rugged brown scales 3, deformed body, armoured tail, roll, long
tongue, awkward tongue
a: no special abilities


You were on level 4 of the Dungeon.
You visited 1 branch of the dungeon, and saw 4 of its levels.

You collected 167 gold pieces.
You spent 36 gold pieces at shops.

Inventory:

Hand Weapons
 a - a +0 mace
 g - a +6 sling (weapon)
 h - a +2 antimagic flail
Armour
 b - a +0 leather armour (worn)
 j - a +0 chain mail
Scrolls
 c - 2 scrolls of teleportation {@r3}
 i - 4 scrolls of identify {@r1}
 l - a scroll of enchant weapon {unknown}
 n - a scroll of silence {unknown}
 o - a scroll of fog {unknown}
Potions
 d - a potion of berserk rage {unknown}
 e - 2 potions of degeneration
 f - 2 potions of attraction {unknown}
 k - a potion of cancellation
 m - a potion of ambrosia {unknown}
 q - a potion of curing {@q1}


   Skills:
 + Level 2.9 Fighting
 + Level 3.6 Maces & Flails
 + Level 2.3 Dodging
 + Level 2.7 Spellcasting
 + Level 3.6 Conjurations


You had 8 spell levels left.
You knew the following spells:

 Your Spells              Type           Power      Damage    Failure   Level
a - Kiss of Death         Conj/Necr      28%        2d7       12%         1

Your spell library contained the following spells:

 Spells                   Type           Power      Damage    Failure   Level
 Momentum Strike          Conj/Tloc      14%        3d8       19%         2
 Apportation              Tloc           2%         N/A       26%         1
 Necrotise                Necr           4%         1d4       26%         1
 Summon Small Mammal      Summ           4%         N/A       26%         1
 Hailstorm                Conj/Ice       7%         3d4       36%         3


Dungeon Overview and Level Annotations

Branches:
Dungeon (4/15)
 Temple: D:4-7

Altars:
Ashenzari
Qazlal

Shops:
D:3 !


Innate Abilities, Weirdness & Mutations

You are completely covered in rugged brown scales. (AC +3, +7% HP)
Armour fits poorly on your strangely shaped body.
You have a long armoured tail.
You roll when moving toward enemies. (Rampage)
Your long tongue fully drains potion bottles. (2x potion effects)
Your tongue gives you trouble enunciating. (1.5x scroll delay)


Message History

You feel strangely unstable. The ogre closely misses you.
The ogre attacks as you move away! The ogre barely misses you.
The ogre attacks as you move away! The ogre barely misses you.
Your surroundings suddenly seem different.
You start resting.
HP restored.
Health restored: 47 An ogre is nearby!
An ogre is nearby!
You shoot a sling bullet. The ogre shouts!
The sling bullet hits the ogre.
The ogre is lightly wounded.
You shoot a sling bullet. The sling bullet hits the ogre.
The ogre is lightly wounded.
You shoot a sling bullet.
The sling bullet barely misses the ogre.
You shoot a sling bullet. The sling bullet hits the ogre!
The ogre is heavily wounded.
You shoot a sling bullet.
The sling bullet barely misses the ogre.
The ogre hits you with a +0 giant spiked club!
You take 11 damage, and have 36/47 hp.
MASSIVE DAMAGE!!
You shoot a sling bullet. The sling bullet hits the ogre.
The ogre is heavily wounded.
The ogre hits you with a +0 giant spiked club!
You take 14 damage, and have 22/47 hp.
MASSIVE DAMAGE!!
You shoot a sling bullet.
The sling bullet barely misses the ogre.
The ogre closely misses you.
You shoot a sling bullet. The sling bullet hits the ogre.
The ogre is severely wounded.
The ogre hits you with a +0 giant spiked club!
* * * LOW HITPOINT WARNING * * *
You take 8 damage, and have 14/47 hp.
You shoot a sling bullet.
The sling bullet barely misses the ogre.
The ogre hits you with a +0 giant spiked club!!
Ouch! That really hurt!
You die...

#.#.##.# #..##.# #.##.##).#
#.#.##.###..##.# #.##.##..#
#.....[.....##.#####.##.##..#
#O########.###.##....#...#..#
..# #.....##.###.......#####
#.# #####.##................
#.# ##.##..##.......###..
#.##### ##...#..###...#..#
#.# #.....#
####.#.O@.<.........# #.# ###
#.###...............###.# #.#
#......)...##..####.....# #.#
#..........>...# #.###)###.#
##.##.########.# #..........
#.##.# #.#######..(...#
#.##)# ..........#.### #.##.#
########..#.# ..##.# #..#.##


You could see an ogre.

Vanquished Creatures
  5 orc wizards
  4 gnolls
  2 adders
  2 worms
  2 dart slugs (D:3)
  5 orcs
  A bat (D:2)
  7 endoplasms
  2 giant cockroaches (D:3)
  6 goblins
  4 hobgoblins
  8 kobolds
  5 quokkas (D:1)
  10 ball pythons
  2 frilled lizards
  5 rats
70 creatures vanquished.

Notes
Turn   | Place    | Note
-------+----------+-------------------------------------------
     0 | D:1      | Ofeo the Armataur Reaver began the quest for the Orb.
     0 | D:1      | Reached XP level 1. HP: 18/18 MP: 3/3
   165 | D:1      | Found a faded altar of an unknown god.
   177 | D:1      | Reached XP level 2. HP: 16/25 MP: 4/4
   661 | D:1      | Reached XP level 3. HP: 20/31 MP: 6/6
  1280 | D:2      | Reached XP level 4. HP: 16/38 MP: 7/7
  2331 | D:3      | Found Xassuta's Distillery.
  2334 | D:3      | Bought a potion of curing for 36 gold pieces
  2347 | D:3      | Found a broken altar of Ashenzari.
  2629 | D:3      | Found a stormy altar of Qazlal.
  2648 | D:3      | Reached XP level 5. HP: 35/44 MP: 6/8
  3820 | D:4      | Noticed an ogre
  3927 | D:4      | Mangled by an ogre

Illustrated notes

Levels and vault maps discovered:
D:1:      matt_arrival_refuge, layout_rooms, nicolae_ecumenical_snake_handling
D:2:      layout_basic
D:3:      layout_rooms, old_standard_altar, nicolae_qazlal_scattered_showers,
          serial_shops, nicolae_shop_real_fake_doors
D:4:      layout_loops_ring, amcnicky_mini_rare_corridor_liquid

Skill      XL: |  1  2  3  4 |
---------------+-------------+-----
Fighting       | 2 |  2.9
Spellcasting   | 2 |  2.7
Maces & Flails | 3 |  3.6
Conjurations   | 3 |  3.6
Dodging        | 2 |  2.3

Action                     |  1- 3 |  4- 6 || total
---------------------------+-------+-------++-------
  Melee: Mace              |    70 |       ||    70
         Tailslap          |     5 |       ||     5
         Sling             |       |     5 ||     5
   Fire: Sling             |    32 |   115 ||   147
    Use: Scroll            |       |     5 ||     5
         Potion            |       |     1 ||     1
 Armour: Leather armour    |    29 |    27 ||    56
  Dodge: Dodged            |    29 |    24 ||    53

Table legend: (Time is in decaauts)
 A = Elapsed time spent in this place.
 B = Non-inter-level travel time spent in this place.
 C = Inter-level travel time spent in this place.
 D = Time resting spent in this place.
 E = Time spent auto-exploring this place.
 F = Levels seen in this place.
 G = Mean time per level.
                   A        B        C        D        E       F      G
               +--------+--------+--------+--------+--------+-----+--------+
         Total |   4014 |   3911 |    103 |    675 |   2684 |   4 | 1003.5 |
       Dungeon |   4014 |   3911 |    103 |    675 |   2684 |   4 | 1003.5 |
               +--------+--------+--------+--------+--------+-----+--------+

Top non-repeatable levels by time:
     D:2: 1347 daAuts
     D:3: 1277 daAuts
     D:1: 800 daAuts
     D:4: 588 daAuts
